 Dungeon Crawl Stone Soup version 0.21-a0-267-ga5fc350 (webtiles) character file.

22 shit the Chopper (level 2, 27/27 HPs)
             Began as a Minotaur Berserker on Sept 12, 2017.
             Was a Follower of Trog.
             Got out of the dungeon alive.
             The game lasted 00:05:50 (1052 turns).

shit the Chopper (Minotaur Berserker)               Turns: 1052, Time: 00:05:51

Health: 27/27      AC:  2    Str: 21    XL:     2   Next: 68%
Magic:  1/1        EV: 14    Int:  4    God:    Trog [*.....]
Gold:   42         SH:  0    Dex:  9    Spells: 1/1 levels left

rFire    + . .     SeeInvis .   a - +0 hand axe
rCold    . . .     Gourm    .   (no shield)
rNeg     . . .     Faith    .   b - +1 animal skin
rPois    .         Spirit   .   (helmet restricted)
rElec    .         Reflect  .   (no cloak)
rCorr    .         Harm     .   (no gloves)
MR       .....                  (no boots)
Stlth    +.........             (no amulet)
HPRegen  0.09/turn              (no ring)
MPRegen  0.07/turn              (no ring)

@: no status effects
A: retaliatory headbutt, horns 2, repulsion field 1, deformed body, fire
resistance 1, sense surroundings 1
a: Berserk, Burn Spellbooks, Renounce Religion


You escaped.
You worshipped Trog.
Trog was aware of your devotion.
You were not hungry.

You visited 1 branch of the dungeon, and saw 1 of its levels.

You collected 42 gold pieces.

Inventory:

Hand Weapons
 a - a +0 hand axe (weapon)
Missiles
 g - 66 stones (quivered)
Armour
 b - a +1 animal skin (worn)
Jewellery
 i - an uncursed ring of resist corrosion {unknown}
 l - a +2 ring of protection {unknown}
Potions
 f - a potion of lignification {unknown}
Comestibles
 c - a bread ration


   Skills:
 + Level 3.8 Fighting
 * Level 4.4 Axes
 + Level 2.6 Armour
 + Level 2.4 Dodging


You had one spell level left.
You didn't know any spells.

Dungeon Overview and Level Annotations

Branches:
Dungeon (1/15)

Altars:


Innate Abilities, Weirdness & Mutations

You reflexively headbutt those who attack you in melee.
You have a pair of horns on your head.
You are surrounded by a mild repulsion field. (EV +2)
Armour fits poorly on your strangely shaped body.
Your flesh is heat resistant. (rF+)
You passively map a small area around you.


Message History

You feel blessed for a moment.
It was a scroll of remove curse.
As you read the scroll labeled TYECIE ERIOH, it crumbles to dust.
You feel strangely unstable.
It was a scroll of teleportation.
As you read the scroll labeled YTTEOMPESHRI, it crumbles to dust.
It is a scroll of enchant armour.
Your +0 animal skin glows green for a moment.
As you read the scroll labeled HYOLLAJURR, it crumbles to dust.
It is a scroll of identify.
e - a potion of mutation Your surroundings suddenly seem different.
You feel extremely strange.
You begin to radiate repulsive energy.
You feel a strange attunement to the structure of the dungeons.
Your body twists and deforms.
You feel resistant to heat.
Done exploring.
There is a stone staircase leading down here.
There is an open door here.
There is a staircase leading out of the dungeon here.
Are you sure you want to leave the Dungeon?
This will make you lose the game!
You have escaped!

#.....#.#####.#####.# #.#....##.#
#.....#.#...#.#...#.# #.#........
#.......#...#.'.>.#.###.#........
##......#...#.#...#..##.#........
#.###(.##'##.#####.....#.#......
#.# #..................#.#......
#.# #..#####.##'##.......#......
#.# #..#...#.#...#.......#......
#.# #..#...'.#.@.#.......#......
#.# #..#...#.#...#.......#.....#
#.# #..#####.#####.......#.....#
#.# ##...................#.....#
#.# ##########...........######
#.# #.###.......# #.#
#.###.......### #.#
#.............# #.#
########.####.####


There were no monsters in sight!

Vanquished Creatures
  An ooze (D:1)
  A leopard gecko (D:1)
  A ball python (D:1)
  A giant cockroach (D:1)
  3 goblins (D:1)
  A hobgoblin (D:1)
  3 jackals (D:1)
  A bat (D:1)
  A frilled lizard (D:1)
  2 rats (D:1)
15 creatures vanquished.

Notes
Turn   | Place    | Note
-------+----------+-------------------------------------------
     0 | D:1      | shit the Minotaur Berserker began the quest for the Orb.
     0 | D:1      | Reached XP level 1. HP: 19/19 MP: 0/0
   274 | D:1      | Reached XP level 2. HP: 27/27 MP: 1/1
   320 | D:1      | Reached skill level 4 in Axes
   978 | D:1      | Gained mutation: You are surrounded by a mild repulsion field. (EV +2) [potion of mutation]
   978 | D:1      | Gained mutation: You passively map a small area around you. [potion of mutation]
   978 | D:1      | Gained mutation: Armour fits poorly on your strangely shaped body. [potion of mutation]
   978 | D:1      | Gained mutation: Your flesh is heat resistant. (rF+) [potion of mutation]
  1052 | D:$      | Got out of the dungeon alive.

Vault maps used:
D:1:      minmay_arrival_four_houses

Skill      XL: |  1  2 |
---------------+-------+-----
Axes           | 4 |  4.4
Fighting       | |  3.8
Armour         | |  2.6
Dodging        | |  2.4

Action                   || total
-------------------------++-------
Melee: Hand axe          ||    30
       Headbutt          ||     4
Throw: Stone             ||    13
  Use: Scroll            ||     4
       Potion            ||     1
Armor: Animal skin       ||     4
Dodge: Dodged            ||    26

Table legend:
 A = Spawn XP
 B = Non-spawn XP
 C = Spawn XP percentage of total XP
 D = Spawn monster count
 E = Non-spawn monster count
 F = Spawn count percentage of total count
 G = Total turns spent on level
                    A         B        C        D         E        F      G
               +---------+---------+-------+---------+---------+-------+---------
         Total |       0 |      32 |   0.0 |       0 |      15 |   0.0 |  1052
               +---------+---------+-------+---------+---------+-------+---------
           D:1 |       0 |      32 |   0.0 |       0 |      15 |   0.0 |  1052
               +---------+---------+-------+---------+---------+-------+---------
